 Dungeon Crawl Stone Soup version 0.16-a0-2400-g1eca9a7 (webtiles) character file.

149 bart the Ruffian (level 5, -1/43 (45) HPs)
             Began as a Ghoul Wanderer on Nov 18, 2014.
             Slain by a worm (9 damage)
             ... on level 3 of the Dungeon.
             The game lasted 00:08:13 (1682 turns).

bart the Ruffian (Ghoul Wanderer)                   Turns: 1682, Time: 00:08:13

HP:   -1/43 (45)    AC:  5    Str: 18 (19) XL:     5   Next: 31%
MP:   4/4           EV: 11    Int: 10      God:
Gold: 102           SH:  0    Dex:  7      Spells: 0 memorised, 4 levels left

rFire  . . .     SeeInvis .     b - +0 hand crossbow
rCold  + . .     Clarity  .     d - +0 robe
rNeg   + + +     SustAb   .     (no shield)
rPois  +         Gourm    .     (no helmet)
rElec  .         Spirit   .     (no cloak)
rCorr  .         Warding  .     (no gloves)
rMut   .         Stasis   .     o - +2 pair of boots
MR     .....                    (no amulet)
Stlth  +.........               (no ring)
                                h - +4 ring of strength

@: rotting, not resistant to hostile enchantments, very unstealthy
A: rotting body, claws 1, carnivore 3, cold resistance 1, negative energy
resistance 3, poison resistance, slow healing 1, torment resistance, unbreathing
a: no special abilities


You were on level 3 of the Dungeon.
You were not hungry.

You visited 1 branch of the dungeon, and saw 5 of its levels.

You collected 102 gold pieces.

Inventory:

Hand weapons
 a - a +1 short sword of electrocution
 b - a +0 hand crossbow (weapon)
 t - a +2 hand axe
Missiles
 e - 44 bolts (quivered)
Armour
 d - a +0 robe (worn)
 o - a +2 pair of boots (worn)
Jewellery
 h - a +4 ring of strength (left claw)
Scrolls
 c - 3 scrolls of teleportation
 k - a scroll of identify
 p - a scroll of fear
 r - a scroll of blinking
 w - a scroll of noise {unknown}
Potions
 f - 2 potions of berserk rage {unknown}
 m - a potion of heal wounds {unknown}
 s - a potion of curing {unknown}
Comestibles
 j - 2 meat rations
 l - a royal jelly


   Skills:
 - Level 3.2 Fighting
 - Level 1.7 Axes
 - Level 1.0 Throwing
 - Level 2.6 Armour
 + Level 5.3 Unarmed Combat
   Level 1.0 Evocations


You had 4 spell levels left.
You didn't know any spells.

Dungeon Overview and Level Annotations

Branches:
Dungeon (5/15)
 Temple: D:4-7

Altars:
Cheibriados


Innate Abilities, Weirdness & Mutations

Your body is rotting away.
You thrive on raw meat.
You have sharp fingernails.
You are carnivorous and can eat meat at any time.
Your flesh is cold resistant.
You are immune to negative energy.
Your system is resistant to poisons.
You heal slowly when monsters are visible.
You are immune to unholy pain and torment.
You can survive without breathing.


Message History

You swing at nothing.
You swing at nothing.
You swing at nothing.
You swing at nothing.
You swing at nothing.
You swing at nothing.
You swing at nothing.
You swing at nothing.
You swing at nothing.
You swing at nothing.
The worm bites you.
You swing at nothing.
The worm bites you.
* * * LOW HITPOINT WARNING * * *
You swing at nothing.
You swing at nothing.
The worm bites you.
* * * LOW HITPOINT WARNING * * *
You swing at nothing.
You swing at nothing.
You swing at nothing.
You swing at nothing.
The worm bites you!
You die...

.......#...##...#
###....#.#......#
.......#.#..#..##
...#..........##
.....###....###
...........#### ########
...>........[.###......##
..#............w........#
#.#..........>##@.......#
#.............##.......##
##)######.####...#######
.._..####.####.###
.#.#...........#
.......##.######
..#.##.##.# ....##....#
..####....##


You could see a worm.

Vanquished Creatures
  An orc priest (D:4)
  A hound (D:3)
  Terence (D:2)
  3 adders
  A giant mite (D:2)
  A worm (D:3)
  2 oozes
  8 orcs
  3 goblins
  3 hobgoblins
  A ball python (D:4)
  2 bats
  A giant gecko (D:2)
  3 giant newts
  4 kobolds
  5 rats
40 creatures vanquished.

Notes
Turn   | Place    | Note
--------------------------------------------------------------
     0 | D:1      | bart, the Ghoul Wanderer, began the quest for the Orb.
     0 | D:1      | bart set off with: a +2 hand axe, a +0 hand crossbow, a scroll of teleportation, a +0 robe, 26 bolts
     0 | D:1      | Reached XP level 1. HP: 19/19 MP: 1/1
    77 | D:1      | Reached skill level 1 in Unarmed Combat
   254 | D:2      | Reached XP level 2. HP: 23/26 MP: 2/2
   293 | D:2      | Reached XP level 3. HP: 28/31 MP: 3/3
   485 | D:2      | Noticed Terence
   492 | D:2      | Killed Terence
   688 | D:3      | Found a snail-covered altar of Cheibriados.
   713 | D:4      | Noticed an ice beast
   733 | D:3      | Reached skill level 4 in Unarmed Combat
   733 | D:3      | Reached XP level 4. HP: 18/38 MP: 3/3
   927 | D:5      | Entered Level 5 of the Dungeon
   935 | D:5      | Noticed a sky beast
  1181 | D:3      | Reached XP level 5. HP: 16/45 MP: 4/4
  1629 | D:4      | Reached skill level 5 in Unarmed Combat
  1682 | D:3      | Slain by a worm

Action                   |  1- 3 |  4- 6 || total
-------------------------+-------+-------++-------
Melee: Hand axe          |    50 |       ||    50
       Short sword       |     3 |    65 ||    68
       Unarmed           |       |    18 ||    18
 Fire: Hand crossbow     |    19 |     5 ||    24
  Use: Scroll            |       |     6 ||     6
       Potion            |       |     2 ||     2
  Eat: Chunk             |     3 |     6 ||     9
